 Dungeon Crawl Stone Soup version 0.25-a0-1133-g93ebf739aa (webtiles) character file.

Game seed: 5801247923671617250, levelgen mode: deterministic

199 MisterFreud the Slasher (level 5, -7/37 HPs)
             Began as an Octopode Gladiator on May 22, 2020.
             Mangled by an orc
             ... wielding a +0 falchion
              (9 damage)
             ... on level 5 of the Dungeon.
             The game lasted 00:04:57 (3554 turns).

MisterFreud the Slasher (Octopode Gladiator)        Turns: 3554, Time: 00:04:58

Health: -7/37      AC:  1    Str: 13    XL:     5   Next: 77%
Magic:  5/5        EV: 11    Int:  7    God:
Gold:   87         SH: 10    Dex: 14    Spells: 4/4 levels left

rFire    . . .     SeeInvis .   a - +0 long sword
rCold    + + +     Gourm    .   w - +2 kite shield of Toexzum {Harm rElec MR+}
rNeg     . . .     Faith    .   b - +0 hat
rPois    +         Spirit   .   u - amulet of Hilest {RegenMP rPois rC+++ MR+ Int-4}
rElec    +         Reflect  .   (no ring)
rCorr    .         Harm     +   x - ring of poison resistance
MR       ++...                  (no ring)
Stlth    ++........             (no ring)
HPRegen  0.12/turn              (no ring)
MPRegen  0.34/turn              (no ring)
                                (no ring)
                                (no ring)

@: no status effects
A: almost no armour, stealthy swim, amphibious, 8 rings, constrict 8, camouflage
1, gelatinous body 1
a: no special abilities


You were on level 5 of the Dungeon.
You were very hungry.

You visited 1 branch of the dungeon, and saw 5 of its levels.

You collected 231 gold pieces.
You spent 144 gold pieces at shops.

Inventory:

Hand Weapons
 a - a +0 long sword (weapon)
Missiles
 c - 3 throwing nets (quivered)
Armour
 b - a +0 hat (worn)
 w - the +2 kite shield of Toexzum (worn) {Harm rElec MR+}
   (You found it on level 4 of the Dungeon)

   It insulates you from electricity.
   It affects your resistance to hostile enchantments.
   It increases damage dealt and taken.
Jewellery
 h - an uncursed amulet of guardian spirit
 n - an uncursed ring of ice
 u - the amulet of Hilest (around mantle) {RegenMP rPois rC+++ MR+ Int-4}
   (You found it on level 4 of the Dungeon)

   [amulet of magic regeneration]

   It increases your magic regeneration.
   It affects your intelligence (-4).
   It renders you almost immune to cold.
   It protects you from poison.
   It affects your resistance to hostile enchantments.
 x - a ring of poison resistance (right tentacle)
Wands
 t - a wand of random effects (10)
Scrolls
 e - a scroll of amnesia {unknown}
 f - 3 scrolls of remove curse
 i - a scroll of teleportation
 k - a scroll of random uselessness {unknown}
 l - a scroll of enchant armour {unknown}
 o - a scroll of immolation {unknown}
 s - a scroll of fog {unknown}
 y - 2 scrolls of identify
Potions
 g - a potion of cancellation
 j - a potion of haste
 m - a potion of ambrosia
 p - a potion of berserk rage
 q - 2 potions of mutation
 r - a potion of lignification {unknown}
 v - a potion of heal wounds
 z - 2 potions of curing
 A - 2 potions of might
Comestibles
 d - 9 rations


   Skills:
 - Level 4.0 Fighting
 + Level 4.6 Long Blades
 - Level 2.0 Throwing
 - Level 3.0 Dodging
 + Level 2.0 Shields


You had 4 spell levels left.
You didn't know any spells.
Your spell library was empty.

Dungeon Overview and Level Annotations

Branches:
Dungeon (5/15)
 Temple: D:4-7

Altars:
Ru
Sif Muna
Trog
Wu Jian
The Shining One

Shops:
D:4 !*


Innate Abilities, Weirdness & Mutations

You cannot wear most types of armour.
You are very stealthy in the water. (Stealth+)
You are amphibious.
You can wear up to eight rings at the same time.
You can use your tentacles to constrict eight enemies at once.
Your skin changes colour to match your surroundings (Stealth+).
Your rubbery body absorbs attacks. (AC +1, EV +1)


Message History

You hit the orc but do no damage.
The orc is heavily wounded.
You constrict the orc.
You kill the orc!
Your Shields skill increases to level 2!
The orc hits you but does no damage.
Things that are here:
a +0 hand axe; a +0 scale mail You closely miss the orc priest.
You grab the orc priest.
You squeeze the orc priest, but do no damage.
You constrict the orc priest. The orc barely misses you.
The orc priest hits you.
You hit the orc. Your grab misses the orc. Your squeeze misses the orc.
The orc is heavily wounded.
You constrict the orc priest. The orc hits you with a +0 falchion.
The orc priest invokes the aid of Beogh against you.
Beogh smites you!
* * * LOW HITPOINT WARNING * * *
The orc hits you with a +0 falchion!
You die...

. .. .#. .#. .. #.
#.#####... #oo.......
#.@# ###### ##
#..##...... ....#.....#
.........###### #
#######........ ..
######.#########.#
#$................# ###
#.#####.####......##...
#.#####+####.######....


You could see an orc priest and an orc.

Vanquished Creatures
  A hound (D:5)
  2 worker ants (D:4)
  4 adders
  An ooze (D:4)
  An adder skeleton (D:5)
  2 worms
  7 leopard geckos
  2 orcs
  6 bats
  5 giant cockroaches
  6 hobgoblins
  4 jackals (D:1)
  3 quokkas (D:4)
  3 ball pythons
  3 frilled lizards
  4 goblins
  8 kobolds
  A quokka skeleton (D:4)
  5 rats
68 creatures vanquished.

Notes
Turn   | Place    | Note
-------+----------+-------------------------------------------
     0 | D:1      | MisterFreud the Octopode Gladiator began the quest for the
                  | Orb.
     0 | D:1      | Reached XP level 1. HP: 14/14 MP: 1/1
    58 | D:1      | Reached XP level 2. HP: 12/20 MP: 2/2
   519 | D:1      | Reached XP level 3. HP: 26/26 MP: 3/3
   923 | D:2      | Found a faded altar of an unknown god.
  1204 | D:2      | Reached XP level 4. HP: 24/33 MP: 4/4
  2045 | D:3      | Found a sacrificial altar of Ru.
  2102 | D:3      | Found a glowing golden altar of the Shining One.
  2103 | D:3      | Found a shimmering blue altar of Sif Muna.
  2154 | D:4      | Found Pesuffas's Elemental Accessories.
  2172 | D:4      | Got a vibrating ivory amulet
  2173 | D:4      | Identified the amulet of Hilest {RegenMP rPois rC+++ MR+
                  | Int-4} (You found it on level 4 of the Dungeon)
  2223 | D:4      | Noticed a phantom
  2244 | D:4      | Got a crude kite shield
  2258 | D:4      | Found Muenefeq's Distillery.
  2373 | D:4      | Identified the +2 kite shield of Toexzum {Harm rElec MR+}
                  | (You found it on level 4 of the Dungeon)
  2611 | D:4      | Reached skill level 1 in Shields
  2611 | D:4      | Reached XP level 5. HP: 29/37 MP: 5/5
  3019 | D:4      | Bought a potion of heal wounds for 60 gold pieces
  3019 | D:4      | Bought a potion of curing for 36 gold pieces
  3019 | D:4      | Bought a potion of might for 48 gold pieces
  3257 | D:4      | Found an ornate altar of the Wu Jian Council.
  3364 | D:5      | Entered Level 5 of the Dungeon
  3390 | D:5      | Noticed a moth of wrath
  3393 | D:5      | Found a bloodstained altar of Trog.
  3554 | D:5      | Mangled by an orc

Illustrated notes

Levels and vault maps discovered:
D:1:      dpeg_arrival_connections, layout_loops_corners
D:2:      layout_rooms, chequers_ecumenical_altar_simple
D:3:      layout_basic, gammafunk_temple_overflow_statue,
          nicolae_ru_the_path_less_chosen, first_ration, serial_park_tiny_1
D:4:      layout_rooms, lemuel_coloured_pillars_altar, serial_shops, shop,
          nicolae_elemental_shop
D:5:      layout_basic, basic_altar, tgw_trog, uniq_crazy_yiuf_cottage,
          uniq_pikel

Skill      XL: |  1  2  3  4  5 |
---------------+----------------+-----
Fighting       | 3 4 |  4.0
Long Blades    | 4 |  4.6
Shields        | 1 2 |  2.0
Throwing       | |  2.0
Dodging        | |  3.0

Action                   |  1- 3 |  4- 6 || total
-------------------------+-------+-------++-------
Melee: Long sword        |    54 |    67 ||   121
       Constrict         |    27 |    18 ||    45
       Tentacles         |    13 |    14 ||    27
Evoke: Wand              |       |     4 ||     4
  Use: Scroll            |       |     8 ||     8
 Stab: Sleeping          |    10 |     7 ||    17
  Eat: Chunk             |       |     7 ||     7
Armor: Skin              |     2 |     4 ||     6
Dodge: Dodged            |    35 |    39 ||    74
Block: Kite shield       |       |    17 ||    17
       Rpst.: Long sword |    14 |    11 ||    25

Table legend:
 A = Non-vault XP
 B = Vault XP
 C = Vault XP percentage of total XP
 D = Non-vault monster count
 E = Vault monster count
 F = Vault count percentage of total count
                 A         B        C        D         E       F
            +---------+---------+-------+---------+---------+-------
      Total |     284 |       1 |   0.4 |      67 |       1 |   1.5
            +---------+---------+-------+---------+---------+-------
        D:1 |      45 |       0 |   0.0 |      27 |       0 |   0.0
        D:2 |      41 |       0 |   0.0 |       9 |       0 |   0.0
        D:3 |      29 |       0 |   0.0 |      11 |       0 |   0.0
        D:4 |     118 |       0 |   0.0 |      16 |       0 |   0.0
        D:5 |      51 |       1 |   1.9 |       4 |       1 |  20.0
            +---------+---------+-------+---------+---------+-------
